 Dungeon Crawl Stone Soup version 0.25-a0-707-g603da076d2 (webtiles) character file.

Game seed: 14345891797947698519, levelgen mode: deterministic

116 sanka the Scratcher (level 4, 23/23 HPs)
             Began as a Felid Wanderer on Apr 4, 2020.
             Quit the game on level 4 of the Dungeon.
             The game lasted 00:07:39 (3833 turns).

sanka the Scratcher (Felid Wanderer)                Turns: 3833, Time: 00:07:40

Health: 23/23      AC:  1    Str:  7    XL:     4   Next: 70%
Magic:  5/5        EV: 16    Int: 13    God:
Gold:   254        SH:  0    Dex: 18    Spells: 3/3 levels left
                                        Lives:  0   Deaths: 1

rFire    . . .     SeeInvis +     - Unarmed
rCold    . . .     Gourm    .   (shield unavailable)
rNeg     . . .     Faith    .   (armour unavailable)
rPois    .         Spirit   .   (helmet unavailable)
rElec    .         Reflect  .   (cloak unavailable)
rCorr    .         Harm     .   (gloves unavailable)
MR       .....                  (boots unavailable)
Stlth    +++.......             (no amulet)
HPRegen  0.07/turn              s - ring of flight
MPRegen  0.09/turn              o - ring of wizardry

@: quick
A: very small, no armour, no weapons or thrown items, stealth, claws 1, fangs 3,
see invisible, carnivore, speed 1, shaggy fur 1, slow metabolism 1, sharp paws
a: Evoke Flight


You were on level 4 of the Dungeon.
You were not hungry.

You visited 1 branch of the dungeon, and saw 4 of its levels.

You collected 254 gold pieces.


Innate Abilities, Weirdness & Mutations

You cannot wear armour.
You are incapable of wielding weapons or throwing items.
Your paws allow you to move quietly. (Stealth)
You have sharp claws.
You have razor-sharp teeth.
You have supernaturally acute eyesight. (SInv)
You are carnivorous and can eat meat at any time.
You cover ground quickly.
You are covered in fur. (AC +1)
You have a slow metabolism.
Your sharp claws are effective at attacking unaware monsters.


   Skills:
 - Level 5.0 Fighting
 - Level 1.3 Dodging
 - Level 2.6 Stealth
 + Level 6.1 Unarmed Combat


You had 3 spell levels left.
You didn't know any spells.
Your spell library was empty.

Inventory:

Jewellery
 o - a ring of wizardry (right paw)
 r - an uncursed ring of teleportation
 s - a ring of flight (left paw)
Wands
 m - a wand of flame (14)
Scrolls
 a - 3 scrolls of blinking
 b - 3 scrolls of fear
 e - 5 scrolls of remove curse
 f - 2 scrolls of identify {unknown}
 h - 2 scrolls of amnesia {unknown}
 i - 3 scrolls of magic mapping {unknown}
 l - a scroll of teleportation {unknown}
 n - a scroll of noise {unknown}
Potions
 c - 4 potions of curing {@q1}
 g - 3 potions of haste {unknown}
 j - a potion of stabbing {unknown}
 k - 2 potions of invisibility {unknown}
 p - a potion of mutation {unknown}
 q - a potion of magic {unknown}
Comestibles
 d - 7 rations
 t - 2 chunks of flesh

Dungeon Overview and Level Annotations

Branches:
Dungeon (4/15)
 Temple: D:4-7

Altars:
Gozag
Sif Muna
Vehumet
Wu Jian
Yredelemnul

▒▒▒▒▒▒▒▒▒▒ ▒........▒
▒▒▒ ▒... .... ..▒
▒▒▒▒▒▒▒..▒▒▒▒.▒▒▒▒.▒
.........▒▒.....▒▒.▒
▒..h.▒.......▒.▒ ▒
▒▒▒▒.▒.......▒.▒
.▒▒▒▒▒....._.....▒▒▒
...▒..▒.......▒...▒
▒▒.▒..▒.......▒...▒
▒▒▒▒▒.....▒▒.....▒▒(.▒▒
..........▒▒▒▒.▒▒▒▒.▒▒
..o).▒▒▒............▒
▒o. ▒.▒.▒..▒▒▒▒▒▒▒


There were no monsters in sight!


Message History

No target in view!
No target in view!
Unknown command.
t - 2 chunks of flesh (gained 1)
e - 5 scrolls of remove curse (gained 2)
Found a fizzy blue potion.
Found a stone staircase leading down.
Key pressed, stopping explore.
Found 6 gold pieces.
k - 2 fizzy blue potions (gained 1)
An ogre comes into view. It is wielding a +0 giant spiked club.
Found a leather armour.
An ogre is nearby!
An ogre is nearby!
Unknown command.
You see here 6 gold pieces.
The ogre shouts!
You hear a shout!
The ogre barely misses you.
You scratch the ogre.
The ogre is lightly wounded.
You claw the ogre!
The ogre is heavily wounded.
The ogre hits you with a +0 giant spiked club!!
Ouch! That really hurt!
You die...
You are now level 4!
You rejoin the land of the living...
Unknown command.
Are you sure you want to abandon this character and quit the game? (Confirm with "yes".)

Action                   |  1- 3 |  4- 6 || total
-------------------------+-------+-------++-------
Melee: Unarmed           |   118 |   121 ||   239
       Bite              |    10 |     8 ||    18
       Punch             |     1 |     4 ||     5
 Abil: Evoke Flight      |       |     1 ||     1
Evoke: Wand              |       |     1 ||     1
  Use: Scroll            |       |     1 ||     1
 Stab: Sleeping          |    12 |     2 ||    14
  Eat: Chunk             |    10 |     3 ||    13
Armor: Skin              |     8 |     1 ||     9
Dodge: Dodged            |    80 |    51 ||   131

Levels and vault maps discovered:
D:1:      ebering_hopf_link, layout_rooms, minmay_pentomino_v4
D:2:      layout_rooms, vehumet_crystals, lemuel_round_altar,
          corexii_item_surrounded_by_moat
D:3:      layout_basic, old_standard_altar, lemuel_crystal_altar, serial_forest,
          infiniplex_forest_join, infiniplex_forest_clump_large,
          infiniplex_forest_corner_1, infiniplex_forest_clump_small,
          infiniplex_forest_end_1, infiniplex_forest_clump_double,
          infiniplex_forest_clump_small, infiniplex_forest_clump_long,
          st_stairs_12
D:4:      layout_rooms, old_standard_altar, roderic_cross_of_infinity

Notes
Turn   | Place    | Note
-------+----------+-------------------------------------------
     0 | D:1      | sanka the Felid Wanderer began the quest for the Orb.
     0 | D:1      | sanka set off with the following items: a scroll of
                  | blinking, a scroll of fear, 2 potions of curing {@q1}, a
                  | ration
     0 | D:1      | Reached XP level 1. HP: 12/12 MP: 2/2
   331 | D:1      | Reached XP level 2. HP: 12/16 MP: 3/3
   485 | D:1      | Reached skill level 3 in Unarmed Combat
  1187 | D:2      | Found a radiant altar of Vehumet.
  1201 | D:2      | Reached XP level 3. HP: 16/19 MP: 4/4
  1528 | D:2      | Found an opulent altar of Gozag.
  1585 | D:3      | Found a basalt altar of Yredelemnul.
  1608 | D:3      | Reached skill level 4 in Unarmed Combat
  1791 | D:3      | Found an ornate altar of the Wu Jian Council.
  2078 | D:3      | Reached XP level 4. HP: 21/23 MP: 5/5
  3072 | D:4      | Reached skill level 5 in Unarmed Combat
  3264 | D:4      | Found a shimmering blue altar of Sif Muna.
  3309 | D:4      | Reached XP level 5. HP: 26/26 MP: 6/6
  3701 | D:4      | Noticed an ogre
  3790 | D:4      | Killed an ogre
  3790 | D:4      | Reached skill level 6 in Unarmed Combat
  3827 | D:4      | Noticed an ogre
  3832 | D:4      | Slain by an ogre
  3833 | D:4      | Reached XP level 4. HP: -3/23 MP: 5/5
  3833 | D:4      | Quit the game

Vanquished Creatures
  An ogre (D:4)
  A bullfrog skeleton (D:4)
  A worker ant (D:4)
  2 adders
  2 worms
  A dart slug (D:1)
  A leopard gecko (D:3)
  8 orcs
  A ball python (D:3)
  7 bats
  3 giant cockroaches
  7 goblins
  4 hobgoblins
  9 jackals
  3 frilled lizards
  3 kobolds
  A quokka skeleton (D:4)
  4 rats
  A plant (D:3)
60 creatures vanquished.
